 Dungeon Crawl Stone Soup version 0.26-a0-111-g8f6dc4e0a5 (webtiles) character file.

Game seed: 2847653648162499396

12 Gargoyl the Skirmisher (level 2, 0/26 HPs)
             Began as a Centaur Abyssal Knight on June 24, 2020.
             Was a Follower of Lugonu.
             Succumbed to a kobold's poison
             ... on level 1 of the Dungeon.
             The game lasted 00:01:02 (288 turns).

Gargoyl the Skirmisher (Centaur Abyssal Knight)      Turns: 288, Time: 00:01:02

Health: 0/26       AC:  5    Str: 14    XL:     2   Next: 20%
Magic:  3/3        EV:  8    Int: 11    God:    Lugonu [*.....]
Gold:   10         SH:  0    Dex:  8    Spells: 1/1 levels left

rFire    . . .     SeeInvis .   g - +1 scimitar (drain)
rCold    . . .     Faith    .   (no shield)
rNeg     . . .     Spirit   .   e - +0 ring mail
rPois    .         Reflect  .   (no helmet)
rElec    .         Harm     .   (no cloak)
rCorr    .                      (no gloves)
MR       .....                  (no barding)
Stlth    ..........             (no amulet)
HPRegen  0.08/turn              (no ring)
MPRegen  0.08/turn              (no ring)

@: lethally poisoned (0 -> -7), flying, very quick
A: large, hooves 3, deformed body, speed 2, tough skin 3
a: Depart the Abyss, Renounce Religion


You were on level 1 of the Dungeon.
You worshipped Lugonu.
Lugonu was aware of your devotion.
You were not hungry.

You visited 1 branch of the dungeon, and saw 1 of its levels.
You visited the Abyss 1 time.

You collected 10 gold pieces.

Inventory:

Hand Weapons
 a - a +1 hand axe
 g - a +1 scimitar of draining (weapon)
Armour
 b - a +0 leather armour
 e - a +0 ring mail (worn)
Scrolls
 d - a scroll of fear {unknown}
 f - a scroll of amnesia {unknown}
 j - a scroll of identify
Potions
 k - a potion of magic {unknown}
Comestibles
 c - 2 rations
 h - 2 chunks of flesh


   Skills:
 + Level 3.2 Fighting
 + Level 0.1 Long Blades
 + Level 1.8 Axes
 * Level 0.1 Throwing
 * Level 1.5 Armour
 * Level 0.8 Dodging
 * Level 2.2 Invocations


You had one spell level left.
You didn't know any spells.
Your spell library was empty.

Dungeon Overview and Level Annotations

Branches:
Dungeon (1/15)

Altars:


Innate Abilities, Weirdness & Mutations

You have hooves in place of feet.
Armour fits poorly on your strangely shaped body.
You cover ground very quickly.
You have extremely tough skin. (AC +3)


Message History

You closely miss the kobold. Your kick misses the kobold.
* * * LOW HITPOINT WARNING * * *
You feel sick. The kobold barely misses you.
You closely miss the kobold. Your kick misses the kobold.
* * * LOW HITPOINT WARNING * * *
You feel sick. The kobold hits you but does no damage.
You closely miss the kobold. Your kick misses the kobold. The kobold hits you.
* * * LOW HITPOINT WARNING * * *
The kobold closely misses you.
You hit the kobold. You drain the kobold.
You kill the kobold!
Lugonu accepts your kill.
* * * LOW HITPOINT WARNING * * *
You feel sick.
The goblin throws a stone.
The stone hits you.
* * * LOW HITPOINT WARNING * * *
Unknown command.
It was a potion of flight.
You feel very buoyant.
You fly up into the air.
You die...

....###### #######
######...# #.....#
######...####.....# .#
........).........+..# #%
############......#... ...
####### #.........##.# #.#
......# #รท###........#...
###...###.....#+####.#.#
..'.....)..(....@)g....# #
###..........#..##...###.###
# #..........#..##+#).......
# #........####.#...(.......
# ####.....# #..(...#......
# #..#.####..(.......##... #
#.##.# #..........# .. #
#.##.# #..........# . #
#.##.# #....(.....#


You could see a goblin.

Vanquished Creatures
  A leopard gecko (D:1)
  2 hobgoblins (D:1)
  A bat (D:1)
  A frilled lizard (D:1)
  A goblin (D:1)
  4 kobolds (D:1)
  3 rats (D:1)
13 creatures vanquished.

Notes
Turn   | Place    | Note
-------+----------+-------------------------------------------
     0 | Abyss:1  | Gargoyl the Centaur Abyssal Knight began the quest for the
                  | Orb.
     0 | Abyss:1  | Reached XP level 1. HP: 19/19 MP: 2/2
     4 | Abyss:2  | Found an iron altar of Okawaru.
    53 | Abyss:2  | Noticed a worldbinder
    71 | Abyss:2  | Noticed a large abomination
    73 | Abyss:2  | Noticed a small abomination
    80 | Abyss:2  | Noticed a raiju
    85 | D:1      | Escaped the Abyss
   276 | D:1      | Reached * piety under Lugonu
   279 | D:1      | Reached XP level 2. HP: 16/26 MP: 3/3
   287 | D:1      | HP: 1/26 [goblin/stone (2)]
   288 | D:1      | Succumbed to a kobold's poison

Illustrated notes

Levels and vault maps discovered:
D:1:      saegor_arrival_miasma, layout_basic, minmay_indecisive_spiral

Action                   || total
-------------------------++-------
Melee: Scimitar          ||    22
       Kick              ||     2
Invok: Depart the Abyss  ||     1
  Use: Scroll            ||     2
       Potion            ||     2
Armor: Ring mail         ||    12
Dodge: Dodged            ||    16
       Rpst.: Scimitar   ||     4

Table legend:
 A = Non-vault XP
 B = Vault XP
 C = Vault XP percentage of total XP
 D = Non-vault monster count
 E = Vault monster count
 F = Vault count percentage of total count
                 A         B        C        D         E       F
            +---------+---------+-------+---------+---------+-------
      Total |      14 |       4 |  22.2 |      10 |       3 |  23.1
            +---------+---------+-------+---------+---------+-------
        D:1 |      14 |       4 |  22.2 |      10 |       3 |  23.1
            +---------+---------+-------+---------+---------+-------
